 Dungeon Crawl Stone Soup version 0.23.0 (webtiles) character file.

Game seed: 11771410816607131140

3157 tatocazan the Spear-Bearer (level 10, -8/75 HPs)
             Began as a Human Gladiator on Feb 16, 2019.
             Was a Believer of Makhleb.
             Mangled by a wyvern (11 damage)
             ... on level 7 of the Dungeon.
             The game lasted 00:32:51 (14318 turns).

tatocazan the Spear-Bearer (Human Gladiator)       Turns: 14318, Time: 00:32:52

Health: -8/75      AC:  9    Str: 14    XL:     10   Next: 15%
Magic:  13/13      EV: 13    Int: 12    God:    Makhleb [**....]
Gold:   373        SH:  9    Dex: 15    Spells: 9/9 levels left

rFire    + . .     SeeInvis .   a - +0 trident
rCold    . . .     Gourm    .   u - +0 shield
rNeg     . . .     Faith    .   K - +1 leather armour {rPois}
rPois    +         Spirit   .   c - +0 helmet
rElec    .         Reflect  .   I - +0 cloak
rCorr    .         Harm     .   (no gloves)
MR       .....                  H - +1 pair of boots
Stlth    +.........             (no amulet)
HPRegen  0.22/turn              q - ring of protection from fire
MPRegen  0.13/turn              (no ring)

@: studying Polearms
A: no striking features
a: Minor Destruction, Renounce Religion


You were on level 7 of the Dungeon.
You worshipped Makhleb.
Makhleb was pleased with you.
You were very hungry.

You visited 2 branches of the dungeon, and saw 9 of its levels.

You collected 409 gold pieces.
You spent 36 gold pieces at shops.

Inventory:

Hand Weapons
 a - a +0 trident (weapon)
 l - a +1 hunting sling of flaming
Missiles
 s - 17 sling bullets
Armour
 b - a cursed +0 plate armour
 c - a +0 helmet (worn)
 r - a +0 chain mail
 u - a +0 shield (worn)
 H - a +1 pair of boots (worn)
 I - a +0 cloak (worn)
 K - a +1 leather armour of poison resistance (worn)
Jewellery
 q - a ring of protection from fire (left hand)
 J - an uncursed amulet of magic regeneration
Wands
 C - a wand of polymorph (4)
Scrolls
 d - a scroll of identify
 e - 7 scrolls of remove curse
 k - a scroll of immolation
 p - a scroll of enchant armour
 t - a scroll of enchant weapon {unknown}
 y - a scroll of noise
 z - 2 scrolls of teleportation
 A - 2 scrolls of amnesia
 F - 2 scrolls of magic mapping
Potions
 g - 4 potions of curing
 h - 2 potions of degeneration {unknown}
 i - a potion of berserk rage {unknown}
 j - a potion of might {unknown}
 n - 2 potions of invisibility
 o - 2 potions of flight
 v - a potion of cancellation {unknown}
 w - a potion of ambrosia {unknown}
 B - a potion of mutation {unknown}
 E - 2 potions of brilliance {unknown}
Books
 D - a manual of Polearms
Comestibles
 f - 11 rations


   Skills:
 + Level 5.6 Fighting
 * Level 9.3 Polearms
 - Level 2.0 Throwing
 + Level 4.9 Armour
 + Level 6.0 Dodging
 + Level 4.8 Shields
 + Level 4.6 Invocations


You had 9 spell levels left.
You didn't know any spells.
Your spell library contained the following spells:

 Spells                   Type           Power        Failure   Level  Hunger
 Animate Skeleton         Necr           N/A          83%         1    ##.....
 Apportation              Tloc           #.....       83%         1    ##.....
 Confusing Touch          Hex            #.....       83%         1    ##.....
 Summon Small Mammal      Summ           #...         83%         1    ##.....


Dungeon Overview and Level Annotations

Branches:
Dungeon (8/15)             Temple (1/1) D:4
   Lair: D:8-11

Altars:
Ashenzari
Cheibriados
Elyvilon
Fedhas
Kikubaaqudgha
Makhleb
Okawaru
Ru
Sif Muna
Trog
Wu Jian
Xom
The Shining One

Shops:
D:4 *=(}   D:6 [[:   D:8 %


Message History

You closely miss the wyvern.
The wyvern is moderately wounded.
The wyvern bites you!
You take 12 damage, and have 37/75 hp.
You hit the wyvern.
The wyvern is moderately wounded.
The wyvern barely misses you.
You hit the wyvern.
The wyvern is heavily wounded.
The wyvern bites you! You block the wyvern's attack.
You take 9 damage, and have 28/75 hp.
You hit the wyvern.
The wyvern is severely wounded.
The wyvern bites you!
* * * LOW HITPOINT WARNING * * *
You take 14 damage, and have 14/75 hp.
You feel better. The wyvern bites you!
* * * LOW HITPOINT WARNING * * *
The wyvern bites you!
You die...

####..# #.# ......#
#.# ####.## #.# #
#.#######.# #
#.##......######### #
#.##.####.........###
####.##.#
#####.......#
........# #.###.#.#
......##########@#
#.#.#
###...##........l#
#.#.##
##.###.#########
#....# #.# #.# ###..#
#.# #.# #..# #.###.#
#..## #.....# #(..#
####..####
##########..# ......#
#........<..#


You could see a wyvern.

Vanquished Creatures
  A troll (D:8)
  A spriggan (D:7)
  A vampire (D:7)
  A hungry ghost (D:7)
  2 sky beasts
  A hornet zombie (D:4)
  2 phantoms
  4 ogres
  A centaur (D:6)
  A big kobold (D:8)
  A water moccasin zombie (D:5)
  A wyvern skeleton (D:8)
  2 scorpions (D:4)
  3 killer bees
  A howler monkey (D:5)
  A crimson imp (D:5)
  3 bullfrog zombies
  A centaur zombie (D:5)
  2 orc priests
  3 hounds
  2 jellies
  2 centaur skeletons
  4 orc wizards
  A gnoll shaman (D:4)
  Jessica (D:3)
  2 iguanas
  5 worker ants
  A hound zombie (D:7)
  2 hound skeletons (D:4)
  6 gnolls
  A howler monkey skeleton (D:8)
  15 adders
  4 oozes
  2 adder zombies
  3 adder skeletons
  A worm (D:3)
  3 dart slugs
  7 leopard geckos
  29 orcs
  5 giant cockroaches
  10 hobgoblins
  11 jackals
  6 quokkas
  A ball python skeleton (D:3)
  3 bats
  4 frilled lizards
  A giant cockroach zombie (D:6)
  9 goblins
  A jackal zombie (D:7)
  14 kobolds
  A quokka zombie (D:7)
  5 rats
195 creatures vanquished.

Vanquished Creatures (others)
  A wizard (D:3)
  An orc wizard (D:6)
2 creatures vanquished.

Grand Total: 197 creatures vanquished

Notes
Turn   | Place    | Note
-------+----------+-------------------------------------------
     0 | D:1      | tatocazan the Human Gladiator began the quest for the Orb.
     0 | D:1      | Reached XP level 1. HP: 16/16 MP: 1/1
   670 | D:1      | Reached XP level 2. HP: 22/22 MP: 2/2
   842 | D:1      | Reached XP level 3. HP: 23/27 MP: 3/3
  1435 | D:2      | Reached skill level 1 in Armour
  1668 | D:2      | Reached XP level 4. HP: 30/34 MP: 4/4
  1898 | D:2      | Found an iron altar of Okawaru.
  2285 | D:3      | Noticed Jessica
  2731 | D:2      | Reached skill level 4 in Polearms
  2961 | D:2      | Reached XP level 5. HP: 16/39 MP: 5/5
  3584 | D:3      | Reached skill level 1 in Shields
  3851 | D:3      | Killed Jessica
  3932 | D:3      | Reached XP level 6. HP: 31/46 MP: 6/6
  4256 | D:3      | Found a bloodstained altar of Trog.
  4257 | D:3      | Noticed a wizard
  4262 | D:3      | Killed a wizard
  4496 | D:3      | Found a bloodstained altar of Trog.
  5532 | D:4      | Found Fafuraumn's General Store.
  5540 | D:4      | Bought a scroll of remove curse for 36 gold pieces
  5881 | D:4      | Found a staircase to the Ecumenical Temple.
  5894 | Temple   | Entered the Ecumenical Temple
  5902 | Temple   | Became a worshipper of Makhleb the Destroyer
  5953 | D:4      | Noticed a phantom
  6155 | D:4      | Found Kemasas's Jewellery Emporium.
  6200 | D:4      | Killed a phantom
  6200 | D:4      | Reached skill level 5 in Polearms
  6200 | D:4      | Reached XP level 7. HP: 30/52 MP: 7/7
  6400 | D:4      | Reached skill level 1 in Invocations
  6639 | D:4      | Found Wusm's Weapon Shop.
  6684 | D:4      | Found Decs's Gadget Shoppe.
  7097 | D:4      | Reached XP level 8. HP: 42/60 MP: 9/9
  7441 | D:5      | Entered Level 5 of the Dungeon
  8401 | D:5      | Reached skill level 6 in Polearms
  9867 | D:5      | Reached skill level 5 in Dodging
  9885 | D:5      | Reached XP level 9. HP: 20/66 MP: 11/11
 11061 | D:6      | Found a white marble altar of Elyvilon.
 11138 | D:6      | Reached skill level 7 in Polearms
 11291 | D:6      | Found Vanohuw's Book Shop.
 11471 | D:6      | Found an ancient bone altar of Kikubaaqudgha.
 11527 | D:6      | Found Nairghao's Antique Armour Shoppe.
 11584 | D:6      | Found Qeeman's Armour Emporium.
 11731 | D:6      | Found a shimmering altar of Xom.
 12220 | D:7      | Reached skill level 5 in Fighting
 12283 | D:7      | Reached skill level 8 in Polearms
 12883 | D:7      | Reached * piety under Makhleb
 13547 | D:8      | Found Jest's Food Boutique.
 13596 | D:8      | Reached XP level 10. HP: 74/74 MP: 13/13
 13865 | D:8      | Reached skill level 9 in Polearms
 14227 | D:8      | Reached ** piety under Makhleb
 14318 | D:7      | HP: 3/75 [wyvern (17)]
 14318 | D:7      | Mangled by a wyvern

Skill      XL: |  1  2  3  4  5  6  7  8  9 10 |
---------------+-------------------------------+-----
Armour         | 1 2 3 4 |  4.9
Polearms       | 4 5 6 8 9 |  9.3
Shields        | 1 2 3 4 |  4.8
Fighting       | 3 4 5 |  5.6
Dodging        | 4 5 6 |  6.0
Invocations    | 1 3 4 |  4.6
Throwing       | |  2.0

Action                   |  1- 3 |  4- 6 |  7- 9 | 10-12 || total
-------------------------+-------+-------+-------+-------++-------
Melee: Trident           |    99 |   304 |   611 |    80 ||  1094
 Fire: Hunting sling     |       |       |       |    18 ||    18
Throw: Throwing net      |       |       |     6 |     1 ||     7
Evoke: Wand              |       |     2 |    23 |       ||    25
  Use: Potion            |       |     4 |     2 |     1 ||     7
       Scroll            |       |     7 |     2 |     3 ||    12
 Stab: Sleeping          |     4 |       |     2 |       ||     6
       Held in net/web   |       |       |     1 |       ||     1
       Paralysed         |       |       |     6 |       ||     6
  Eat: Chunk             |     2 |     7 |    15 |     1 ||    25
       Ration            |       |     2 |     4 |       ||     6
Armor: Leather armour    |    12 |    55 |    75 |    23 ||   165
       Ring mail         |       |       |    26 |       ||    26
Dodge: Dodged            |    39 |   189 |   241 |    50 ||   519
Block: Buckler           |     6 |    50 |    72 |       ||   128
       Shield            |       |       |    99 |    54 ||   153
